 Dungeon Crawl Stone Soup version 0.21-a0-1-gaf3b9a5 (webtiles) character file.

4 Gorglomux the Insei (level 1, 0/15 HPs)
             Began as a Demigod Transmuter on May 20, 2017.
             Slain by a frilled lizard (3 damage)
             ... on level 1 of the Dungeon.
             The game lasted 00:00:18 (127 turns).

Gorglomux the Insei (Demigod Transmuter)             Turns: 127, Time: 00:00:18

Health: 0/15       AC:  2    Str: 13    XL:     1   Next: 46%
Magic:  4/5        EV: 12    Int: 17    God:
Gold:   40         SH:  0    Dex: 16    Spells: 2/3 levels left

rFire    . . .     SeeInvis .     - Unarmed
rCold    . . .     Gourm    .   (no shield)
rNeg     . . .     Faith    .   b - +0 robe
rPois    .         Spirit   .   (no helmet)
rElec    .         Reflect  .   (no cloak)
rCorr    .         Harm     .   (no gloves)
MR       .....                  (boots currently unavailable)
Stlth    +.........             (no amulet)
Regen    0.1/turn               (no ring)
MPRegen  0.1/turn               (no ring)

@: appendage
A: talons 3, high mp 1
a: End Transformation


You were on level 1 of the Dungeon.
You were not hungry.
You had grown temporary talons.
You visited 1 branch of the dungeon, and saw 1 of its levels.

You collected 40 gold pieces.

Inventory:

Missiles
 a - 12 arrows
Armour
 b - a +0 robe (worn)
Books
 c - a book of Changes
Comestibles
 d - a bread ration {@e1}


   Skills:
 - Level 0.8 Fighting
 - Level 1.7 Dodging
 * Level 2.8 Unarmed Combat
 - Level 1.7 Spellcasting
 + Level 2.0 Transmutations


You had 2 spell levels left.
You knew the following spells:

 Your Spells              Type           Power        Failure   Level  Hunger
a - Beastly Appendage     Tmut           #.....       9%          1    #......


Dungeon Overview and Level Annotations

Branches:
Dungeon (1/15)


Innate Abilities, Weirdness & Mutations

You have an increased reservoir of magic. (+10% MP)
You have claws for feet.


Message History

A dart slug is nearby!
You hit the dart slug.
Unknown command.
A dart slug is nearby!
You hit the dart slug. The dart slug bites you.
Your feet morph into talons.
The dart slug launches a dart at you. The slug dart misses you.
Unknown command.
You are too injured to fight recklessly!
Unknown command.
You are too injured to fight recklessly!
You are too injured to fight recklessly!
You hit the dart slug.
You kill the dart slug!
Your Transmutations skill increases to level 2!
You start resting.
Your transformation is almost over.
You extend your transformation's duration.
You now have 40 gold pieces (gained 11).
Your transformation is almost over.
Your talons disappear.
Found a stone staircase leading down.
A goblin comes into view. It is wielding a dagger of speed.
Found an escape hatch in the floor.
Unknown command.
A goblin is nearby!
Your feet morph into talons.
Unknown command.
A goblin is nearby!
The goblin shouts!
The goblin misses you.
Unknown command.
You closely miss the goblin. You claw the goblin.
The goblin completely misses you.
Unknown command.
You closely miss the goblin. You claw the goblin.
You kill the goblin!
No target in view!
Unknown command.
No target in view!
There is an escape hatch in the floor here.
Your transformation is almost over.
Your talons disappear.
A jackal comes into view.
The jackal barks!
A jackal is nearby!
You miscast Beastly Appendage.
You are very lightly contaminated with residual magic.
Nothing appears to happen.
A jackal comes into view.
There are monsters nearby!
A jackal comes into view.
The jackal barks!
Unknown command.
A jackal comes into view.
The jackal barks! x2
The jackal bites you but does no damage.
A jackal comes into view.
Unknown command.
You closely miss the jackal. The jackal misses you.
The jackal barely misses you.
A giant cockroach comes into view.
Unknown command.
The jackal barks!
You hit the jackal. The jackal barely misses you.
You hit the jackal but do no damage. The jackal closely misses you. x2
A kobold comes into view. It is wielding a club.
The jackal bites you but does no damage.
The jackal misses you. The jackal closely misses you.
The jackal completely misses you. The jackal bites you. The jackal misses you.
The jackal barely misses you.
A frilled lizard comes into view.
The frilled lizard hisses angrily.
The jackal bites you. The jackal barely misses you.
The jackal closely misses you.
You see here 22 bolts.
Your feet morph into talons.
The jackal closely misses you.
You hit the jackal. The frilled lizard bites you. The jackal misses you.
You closely miss the jackal. You claw the jackal.
The jackal closely misses you. The frilled lizard bites you.
The jackal bites you.
* * * LOW HITPOINT WARNING * * *
You barely miss the frilled lizard.
You claw the frilled lizard, but do no damage.
The frilled lizard barely misses you. The jackal misses you.
Your magical contamination has completely faded away.
You closely miss the frilled lizard. The frilled lizard barely misses you.
The jackal bites you.
* * * LOW HITPOINT WARNING * * *
You barely miss the frilled lizard. Your kick misses the frilled lizard.
The jackal closely misses you. The frilled lizard barely misses you.
Unknown command.
You barely miss the frilled lizard.
The jackal bites you but does no damage.
The frilled lizard bites you.
You die...

#####...##......
##.#.............
#[####....##.....#####
.......)>.........#
#####...##..>....#
##.###.......#
##.###....###
#..########...#...######
#.# #....l@hhhh............
#..#..#######hs..........##
#.#.# ##..########.# #.#.#
#..# ... #.#.# #..# .#
#.#.# ######..# .#
#.#.#####.......# #
#...........##..#
##..........##..#


You could see 5 jackals, a giant cockroach and a frilled lizard.

Vanquished Creatures
  A dart slug (D:1)
  2 goblins (D:1)
3 creatures vanquished.

Notes
Turn   | Place    | Note
-------+----------+-------------------------------------------
     0 | D:1      | Gorglomux the Demigod Transmuter began the quest for the Orb.
     0 | D:1      | Reached XP level 1. HP: 15/15 MP: 5/5
    47 | D:1      | Reached skill level 2 in Transmutations
   125 | D:1      | HP: 3/15 [jackal (1)]
   127 | D:1      | Slain by a frilled lizard

Vault maps used:
D:1:      dpeg_arrival_simpleton_a

Skill      XL: |  1 |
---------------+----+-----
Transmutations | 2 |  2.0
Fighting       | |  0.8
Dodging        | |  1.7
Unarmed Combat | |  2.8
Spellcasting   | |  1.7

Action                   || total
-------------------------++-------
Melee: Unarmed           ||    16
       Kick              ||     4
 Cast: Beastly Appendage ||     5
Armor: Robe              ||     4
Dodge: Dodged            ||    23

Vault maps used:
D:1:      dpeg_arrival_simpleton_a

Table legend:
 A = Turns spent in this place as a percentage of turns spent in the entire game.
 B = Non-inter-level travel turns spent in this place as a percentage of non-inter-level travel turns spent in the entire game.
 C = Inter-level travel turns spent in this place as a percentage of turns spent in this place.
 D = Turns resting spent in this place as a percentage of non-inter-level travel turns spent in this place.
 E = Turns spent auto-exploring this place as a percentage of non-inter-level travel turns spent in this place.
 F = Non-inter-level travel turns spent in this place divided by the number of levels of this place that you've seen.
                   A       B       C       D       E      F
               +-------+-------+-------+-------+-------+----------------------
         Total | 100.0 | 100.0 |   0.0 |   2.4 |   7.1 |  84.0
       Dungeon | 100.0 | 100.0 |   0.0 |   2.4 |   7.1 |  84.0
               +-------+-------+-------+-------+-------+----------------------

Table legend:
 A = Kills in this place as a percentage of kills in entire the game.
 B = Kills by you in this place as a percentage of kills by you in the entire game.
 C = Kills by friends in this place as a percentage of kills by friends in the entire game.
 D = Other kills in this place as a percentage of other kills in the entire game.
 E = Experience gained in this place as a percentage of experience gained in the entire game.
 F = Experience gained in this place divided by the number of levels of this place that you have seen.
                   A       B       C       D       E      F
               +-------+-------+-------+-------+-------+----------------------
         Total | 100.0 | 100.0 |  -nan |  -nan | 100.0 |   7.0
       Dungeon | 100.0 | 100.0 |  -nan |  -nan | 100.0 |   7.0
               +-------+-------+-------+-------+-------+----------------------
